 Dungeon Crawl Stone Soup version 0.27.1-33-g824d729ab1 (webtiles) character file.

Game seed: 16254233565195014539

44 Fortus the Magician (level 3, -4/25 HPs)
             Began as a Djinni Fire Elementalist on Dec 13, 2021.
             Slain by a white imp (6 damage)
             ... on level 6 of the Dungeon.
             The game lasted 00:08:33 (3321 turns).

Fortus the Magician (Djinni Fire Elementalist)      Turns: 3321, Time: 00:08:34

Health: -4/25      AC:  2    Str:  7    XL:     3   Next: 87%
Gold:   66         EV: 12    Int: 17    God:
                   SH:  0    Dex: 13

rFire    + + .     SeeInvis .   (no weapon)
rCold    x . .     Faith    .   (no shield)
rNeg     . . .     Spirit   .   a - +0 robe
rPois    ∞         Reflect  .   (no helmet)
rElec    .         Harm     .   (no cloak)
rCorr    .         Rampage  .   (no gloves)
Will     .....                  (boots unavailable)
Stlth    ++........             (no amulet)
HPRegen  0.08/turn              (no ring)
MPRegen  0.00/turn              (no ring)

@: flying
A: sickness immunity, fire resistance 2, cold vulnerability 1, float, innate
caster, hp casting, extra vitality 1
a: no special abilities


You were on level 6 of the Dungeon.
You visited 1 branch of the dungeon, and saw 4 of its levels.

You collected 66 gold pieces.

Inventory:

Armour
 a - a +0 robe (worn)
 d - a +0 scale mail
Scrolls
 e - 2 scrolls of amnesia {unknown}
 g - a scroll of summoning {unknown}
Potions
 b - 3 potions of curing {unknown}
 c - 2 potions of heal wounds {unknown}
 f - a potion of attraction {unknown}


   Skills:
 - Level 2.1 Dodging
 - Level 1.5 Stealth
 + Level 3.5 Spellcasting


You couldn't memorise any spells.
You knew the following spells:

 Your Spells              Type           Power      Damage    Failure   Level
a - Foxfire               Conj/Fire      60%        2x1d7     3%          1
b - Conjure Flame         Conj/Fire      15%        6-21      12%         3
c - Inner Flame           Hex/Fire       15%        N/A       12%         3
d - Sticky Flame          Conj/Fire      15%        2d4       36%         4
e - Fireball              Conj/Fire      7%         3d5       71%         5
f - Summon Small Mammal   Summ           60%        N/A       3%          1
Your spell library was empty.

Dungeon Overview and Level Annotations

Branches:
Dungeon (3/15)

Altars:


Innate Abilities, Weirdness & Mutations

You are immune to sickness and miasma.
You are immune to poison.
Your flesh is very heat resistant. (rF++)
You are vulnerable to cold. (rC-)
You float through the air rather than walking.
You learn spells naturally, not from books.
Your magical power is your life essence.
You have superior vitality. (+4 HP)


Message History

The howler monkey skeleton hits you but does no damage.
A bullfrog comes into view.
An orc and an orc wizard come into view.
The orc shouts!
You hear a shout!
An adder comes into view.
The orc wizard mumbles some strange words.
The orc wizard flickers and vanishes!
Deactivating autopickup; reactivate with Ctrl-A.
The orc moves out of view. 2 kobolds and an orc come into view.
The kobold shouts!
You hear a shout! x2
The kobold moves out of view. 2 kobolds come into view.
The kobold shouts!
You hear a shout!
The kobold unwields a +0 dagger.
The kobold wields a +0 hand crossbow.
The kobold shoots a bolt.
The bolt hits you.
The kobold moves out of view.
A kobold brigand comes into view.
It is wielding a +0 club and quivering poisoned darts.
There are monsters nearby!
A kobold comes into view. It is wielding a +0 dagger.
The bullfrog misses you.
An orc priest comes into view. It is wielding a +0 short sword.
A white imp comes into view.
The orc shouts!
The kobold shoots a bolt.
The bolt hits you! The bullfrog hits you!
* * * LOW HITPOINT WARNING * * *
Found a quarterstaff.
The white imp shouts!
The bullfrog barely misses you. The white imp gestures at you.
The puff of frost misses you.
The puff of frost hits the bullfrog!
The bullfrog hits you.
* * * LOW HITPOINT WARNING * * *
An iguana comes into view.
The white imp closely misses you. The white imp closely misses you.
The bullfrog hits you but does no damage.
The white imp hits you.
* * * LOW HITPOINT WARNING * * *
The white imp freezes you.
You feel a terrible chill!
You die...

..... .. .## ..... #.##
...... ...... ..#
...... ...... #.##
.......
......######.Z##....o..
....l........K.........
..........S.KKK........
.......@FK...oo........
......#.5..###g........
..... #..).# #.....###
###. #....# ##..### #
#....# ##.# #....# #.#
# ###### ###.##### .
#...g...#.. #.......#..


You could see a kobold brigand, a bullfrog, an iguana (wandering), a gnoll, an
adder, a white imp, 2 orcs, 4 kobolds and a howler monkey skeleton.

Vanquished Creatures
  A worm (D:2)
  A dart slug (D:1)
  A ball python (D:1)
  4 endoplasms
  2 giant cockroaches
  3 goblins
  4 hobgoblins
  4 jackals (D:1)
  3 kobolds
  3 bats
  3 frilled lizards
  7 rats (D:2)
36 creatures vanquished.

Vanquished Creatures (others)
  111 foxfires
111 creatures vanquished.

Grand Total: 147 creatures vanquished

Notes
Turn   | Place    | Note
-------+----------+-------------------------------------------
     0 | D:1      | Fortus the Djinni Fire Elementalist began the quest for the
                  | Orb.
     0 | D:1      | Reached XP level 1. HP: 15/15 MP: 0/0
   440 | D:1      | Reached XP level 2. HP: 19/21 MP: 0/0
   726 | D:1      | Reached skill level 3 in Spellcasting
  1014 | D:1      | Reached XP level 3. HP: 19/25 MP: 0/0
  1014 | D:1      | Learned a level 1 spell: Summon Small Mammal
  1136 | D:1      | Found a faded altar of an unknown god.
  3305 | D:3      | You are sucked into a shaft and drop 3 floors!
  3305 | D:6      | Noticed a gnoll sergeant
  3309 | D:6      | Noticed a bullfrog
  3314 | D:6      | Noticed a kobold brigand
  3321 | D:6      | Slain by a white imp

Illustrated notes

Levels and vault maps discovered:
D:1:      dpeg_arrival_chambers_temple_mockup, layout_basic,
          chequers_ecumenical_altar_simple_redux, minivault_26,
          chequers_serial_rivers_micro_a, minmay_misc_feat_cross
D:2:      layout_basic
D:3:      layout_loops_ring, zin_angel, mainiacjoe_overflow_tiny_flanked,
          corner_web_ring
D:6:      layout_basic, demons_altar, uniq_prince_ribbit1

Skill      XL: |  1  2 |
---------------+-------+-----
Spellcasting   | 3 |  3.5
Dodging        | |  2.1
Stealth        | |  1.5

Action                   || total
-------------------------++-------
 Cast: Foxfire           ||    75
       Summon Small Mamm ||     5
       Conjure Flame     ||     2
Armor: Robe              ||     3
Dodge: Dodged            ||    17
